 Dungeon Crawl Stone Soup version 0.23.0 (webtiles) character file.

Game seed: 3123146292973510469

763 Blackhawk the Covered (level 7, -2/44 HPs)
             Began as a Gargoyle Fighter on Feb 11, 2019.
             Was an Initiate of Qazlal.
             Slain by a hornet (8 damage)
             ... on level 5 of the Dungeon.
             The game lasted 00:08:04 (5532 turns).

Blackhawk the Covered (Gargoyle Fighter)            Turns: 5532, Time: 00:08:04

Health: -2/44      AC: 14    Str: 21    XL:     7   Next: 81%
Magic:  16/16      EV:  5    Int:  9    God:    Qazlal [......]
Gold:   137        SH: 15    Dex:  9    Spells: 6/6 levels left

rFire    . . .     SeeInvis .   a - +0 war axe
rCold    . . .     Gourm    .   k - +0 large shield
rNeg     + . .     Faith    .   b - +0 scale mail
rPois    ∞         Spirit   .   (no helmet)
rElec    +         Reflect  .   B - +1 cloak
rCorr    .         Harm     .   (no gloves)
MR       .....                  (no boots)
Stlth    +.........             (no amulet)
HPRegen  0.14/turn              t - ring of magical power
MPRegen  0.15/turn              F - ring of stealth

@: no status effects
A: negative energy resistance 1, electricity resistance, unbreathing,
petrification resistance, rot immunity, AC +4
a: Renounce Religion


You were on level 5 of the Dungeon.
You worshipped Qazlal.
Qazlal was noncommittal.
You were not hungry.

You visited 1 branch of the dungeon, and saw 5 of its levels.

You collected 137 gold pieces.

Inventory:

Hand Weapons
 a - a +0 war axe (weapon)
 y - a +2 whip of freezing
 I - a +1 hand axe of flaming
Missiles
 q - 2 throwing nets (quivered)
Armour
 b - a +0 scale mail (worn)
 c - a +0 shield
 k - a +0 large shield (worn)
 B - a +1 cloak (worn)
Jewellery
 t - a ring of magical power (left hand)
 v - an uncursed ring of fire
 w - an uncursed ring of wizardry
 F - a ring of stealth (right hand)
Wands
 C - a wand of random effects (5)
 H - a wand of polymorph (9)
 K - a wand of flame (17)
Scrolls
 e - 2 scrolls of remove curse {unknown}
 g - 3 scrolls of fog {unknown}
 h - 3 scrolls of teleportation {unknown}
 i - 4 scrolls of identify {unknown}
 m - a scroll of magic mapping {unknown}
 n - a scroll of enchant weapon {unknown}
 o - a scroll of random uselessness {unknown}
 p - 2 scrolls of enchant armour {unknown}
 r - a scroll of noise {unknown}
 x - a scroll of fear {unknown}
 D - a scroll of amnesia {unknown}
Potions
 d - 4 potions of might
 j - a potion of degeneration {unknown}
 l - 2 potions of haste {unknown}
 s - 3 potions of curing {unknown}
 u - a potion of agility {unknown}
 z - a potion of berserk rage {unknown}
 A - a potion of brilliance {unknown}
 E - a potion of mutation {unknown}
 G - a potion of magic {unknown}
Comestibles
 f - 9 rations
 J - 2 chunks of flesh


   Skills:
 + Level 5.6 Fighting
 + Level 4.1 Axes
 + Level 5.6 Armour
 + Level 5.6 Shields


You had 6 spell levels left.
You didn't know any spells.
Your spell library was empty.

Dungeon Overview and Level Annotations

Branches:
Dungeon (5/15)             Temple (0/1) D:5

Altars:
Cheibriados
Dithmenos
Gozag
Qazlal
Trog
Xom

Shops:
D:4 [


Innate Abilities, Weirdness & Mutations

You are resistant to torment.
Your stone body is resilient. (AC +4)
You are immune to poison.
You resist negative energy. (rN+)
You are resistant to electric shocks. (rElec)
You can survive without breathing.
You are immune to petrification.
You are immune to rotting.


Message History

You block the hornet's attack. x2
You closely miss the hornet.
The hornet is severely wounded.
You block the hornet's attack. x2
You hit the hornet.
The hornet is almost dead.
You block the hornet's attack. The hornet barely misses you.
Your shield prevents you from hitting the hornet.
The hornet is almost dead.
You block the hornet's attack. The hornet stings you.
* * * LOW HITPOINT WARNING * * *
You hit the hornet but do no damage.
The hornet is almost dead.
The hornet closely misses you. You block the hornet's attack.
You closely miss the hornet.
The hornet is almost dead.
The hornet stings you.
* * * LOW HITPOINT WARNING * * *
The hornet stings you!
You die...

.....## ......## ..?....
.......# ....... ...<...#
....... .......# ......$
8.8.8..## .......
.⌠.⌠....######### .......
8.>.8[#.........##.......
.⌠.⌠..#########.@y.......
8.8.8.... ####.#####.
.......#.. ..# ..##...# #
### ########


You could see a hornet.

Vanquished Creatures
  Eustachio (D:4)
  An ogre (D:4)
  2 centaurs
  A scorpion (D:4)
  2 hounds (D:4)
  An iguana (D:4)
  2 orc wizards
  A worker ant (D:3)
  A hound skeleton (D:4)
  A howler monkey skeleton (D:4)
  6 adders
  An adder zombie (D:5)
  2 worms
  2 dart slugs (D:4)
  2 leopard geckos
  8 orcs
  6 giant cockroaches
  5 goblins
  8 hobgoblins
  2 jackals (D:1)
  2 quokkas
  2 ball pythons (D:1)
  8 bats
  A frilled lizard (D:1)
  12 kobolds
  A quokka skeleton (D:4)
  7 rats
88 creatures vanquished.

Notes
Turn   | Place    | Note
-------+----------+-------------------------------------------
     0 | D:1      | Blackhawk the Gargoyle Fighter began the quest for the Orb.
     0 | D:1      | Reached XP level 1. HP: 14/14 MP: 1/1
   256 | D:1      | Reached XP level 2. HP: 19/19 MP: 2/2
  1039 | D:1      | Reached XP level 3. HP: 22/23 MP: 3/3
  1749 | D:2      | Noticed a centaur
  1762 | D:2      | Killed a centaur
  1762 | D:2      | Reached XP level 4. HP: 6/29 MP: 4/4
  2130 | D:2      | Reached XP level 5. HP: 33/33 MP: 5/5
  2834 | D:3      | Found a shadowy altar of Dithmenos.
  2835 | D:3      | Found an opulent altar of Gozag.
  3002 | D:3      | Found a shimmering altar of Xom.
  3287 | D:4      | Noticed an ogre
  3436 | D:4      | Found a stormy altar of Qazlal.
  3444 | D:4      | Became a worshipper of Qazlal Stormbringer
  3554 | D:4      | Reached XP level 6. HP: 37/39 MP: 6/6
  3561 | D:4      | Found a bloodstained altar of Trog.
  3650 | D:4      | Found a snail-covered altar of Cheibriados.
  4302 | D:4      | Reached skill level 5 in Fighting
  4302 | D:4      | Reached skill level 5 in Armour
  4314 | D:4      | Reached skill level 5 in Shields
  4522 | D:4      | Reached XP level 7. HP: 37/44 MP: 7/7
  4593 | D:4      | Found Liwuets's Armour Shop.
  4963 | D:5      | Entered Level 5 of the Dungeon
  4963 | D:5      | Found a staircase to the Ecumenical Temple.
  4963 | D:5      | Noticed Eustachio
  5061 | D:4      | Killed Eustachio
  5508 | D:5      | Noticed a hornet
  5532 | D:5      | Slain by a hornet

Skill      XL: |  1  2  3  4  5  6  7 |
---------------+----------------------+-----
Axes           | 2 3 4 |  4.1
Fighting       | 4 5 |  5.6
Armour         | 4 5 |  5.6
Shields        | 4 5 |  5.6

Action                   |  1- 3 |  4- 6 |  7- 9 || total
-------------------------+-------+-------+-------++-------
Melee: War axe           |   110 |   285 |   113 ||   508
  Eat: Chunk             |     3 |     9 |     4 ||    16
Armor: Scale mail        |    59 |   139 |   142 ||   340
Dodge: Dodged            |    28 |    57 |    43 ||   128
Block: Shield            |    10 |       |       ||    10
       Large shield      |    86 |   271 |   140 ||   497
